 Dungeon Crawl Stone Soup version 0.29.1-2-gbd0b4ee654 (webtiles) character file.

Game seed: 6809533151045057257

11 GorkyZ the Trooper (level 2, 0/24 HPs)
             Began as a Demonspawn Fighter on Nov 19, 2022.
             Slain by a quokka (2 damage)
             ... on level 1 of the Dungeon.
             The game lasted 00:02:07 (240 turns).

GorkyZ the Trooper (Demonspawn Fighter)              Turns: 240, Time: 00:02:07

Health: 0/24       AC:  6    Str: 16    XL:     2   Next: 13%
Magic:  2/2        EV:  9    Int:  9    God:
Gold:   34         SH:  4    Dex: 12    Spells: 1/1 levels left

rFire   . . .      SeeInvis .   a - +0 war axe
rCold   . . .      Faith    .   c - +0 buckler
rNeg    . . .      Spirit   .   b - +0 scale mail
rPois   .          Reflect  .   (no helmet)
rElec   .          Harm     .   (no cloak)
rCorr   .          Rampage  .   (no gloves)
Will    .....                   (no boots)
Stlth   ..........              (no amulet)
HPRegen 0.08/turn               (no ring)
MPRegen 0.08/turn               (no ring)

@: no status effects
A: powered by pain 1
a: no special abilities


You were on level 1 of the Dungeon.
You visited 1 branch of the dungeon, and saw 1 of its levels.

You collected 34 gold pieces.

Inventory:

Hand Weapons
 a - a +0 war axe (weapon)
Armour
 b - a +0 scale mail (worn)
 c - a +0 buckler (worn)
Scrolls
 e - a scroll of torment {unknown}
 f - a scroll of enchant weapon {unknown}
Potions
 d - a potion of might


   Skills:
 + Level 3.1 Fighting
 + Level 0.3 Long Blades
 - Level 1.8 Axes
 + Level 2.8 Armour
 + Level 0.4 Dodging
 + Level 2.8 Shields


You had one spell level left.
You didn't know any spells.
Your spell library was empty.

Dungeon Overview and Level Annotations

Branches:
Dungeon (1/15)

Altars:

Shops:
D:1 (


Innate Abilities, Weirdness & Mutations

You sometimes gain a little power by taking damage.


Message History

The dart slug bites you. You block the ball python's attack.
The ball python constricts you.
You closely miss the ball python. You barely miss the quokka.
You hit the dart slug. The quokka bites you.
The ball python bites you but does no damage.
The ball python constricts you.
The dart slug bites you but does no damage.
You block the quokka's attack.
You slash the ball python!
You kill the ball python!
You hit the endoplasm but do no damage. You barely miss the quokka.
You hit the dart slug.
You kill the dart slug!
The quokka completely misses you. The endoplasm hits you.
You have reached level 2!
Your demonic ancestry asserts itself...
You feel energised by your suffering. The quokka attacks as you move away!
The quokka bites you. The quokka attacks as you move away!
The quokka bites you. You block the endoplasm's attack.
The quokka bites you but does no damage.
The quokka attacks as you move away! The quokka barely misses you.
You see here a +0 mace.
You see here a +0 pair of boots.
You hit the endoplasm but do no damage. The endoplasm freezes you.
You are frozen.
* * * LOW HITPOINT WARNING * * *
The endoplasm hits you but does no damage.
You slash the endoplasm!
You kill the endoplasm!
You slash the quokka!
You kill the quokka!
The quokka bites you.
* * * LOW HITPOINT WARNING * * *
You barely miss the quokka. The quokka closely misses you.
The quokka bites you.
* * * LOW HITPOINT WARNING * * *
You hit the quokka but do no damage. The quokka bites you.
You die...

#......# #......# #
#[.....#.# #......#.#
#........#
##############........###.
................r..†......
################r##.......
... #@# ....##. ### #.#
....# #.? ....# #########
# # #


You could see 2 quokkas.

Vanquished Creatures
  A dart slug (D:1)
  An endoplasm (D:1)
  A giant cockroach (D:1)
  A goblin (D:1)
  A hobgoblin (D:1)
  A quokka (D:1)
  A ball python (D:1)
  A frilled lizard (D:1)
8 creatures vanquished.

Notes
Turn   | Place    | Note
-------+----------+-------------------------------------------
     0 | D:1      | GorkyZ the Demonspawn Fighter began the quest for the Orb.
     0 | D:1      | Reached XP level 1. HP: 18/18 MP: 1/1
   122 | D:1      | Found Baodwono's Weapon Boutique.
   233 | D:1      | Gained mutation: You sometimes gain a little power by
                  | taking damage. [demonic ancestry]
   233 | D:1      | Reached XP level 2. HP: 12/24 MP: 2/2
   240 | D:1      | Slain by a quokka

Illustrated notes

Levels and vault maps discovered:
D:1:      dpeg_arrival_rooms_a, layout_basic, serial_shops,
          nicolae_shop_hallway_stairs, minmay_misc_feat_plants

Action                   || total
-------------------------++-------
Melee: War axe           ||    22
Armor: Scale mail        ||     8
Dodge: Dodged            ||    10
Block: Buckler           ||     6
